 Dungeon Crawl Stone Soup version 0.27-a0-498-g7ecbb0a48f (webtiles) character file.

Game seed: 17479329210549829024

3686 srzhan31 the Covert (level 9, -11/44 HPs)
             Began as a Spriggan Enchanter on Mar 3, 2021.
             Was a Believer of Sif Muna.
             Shot with a sling bullet by Joseph (13 damage)
             ... on level 8 of the Dungeon.
             The game lasted 01:41:28 (12220 turns).

srzhan31 the Covert (Spriggan Enchanter)           Turns: 12220, Time: 01:41:30

Health: -11/44     AC:  4    Str:  4    XL:     9   Next: 90%
Magic:  4/19       EV: 26    Int: 25    God:    Sif Muna [**....]
Gold:   542        SH:  5    Dex: 16    Spells: 11/21 levels left

rFire    + . .     SeeInvis +   c - +3 short sword (speed)
rCold    + . .     Faith    .   (shield restricted)
rNeg     . . .     Spirit   .   b - +2 robe
rPois    .         Reflect  +   (helmet restricted)
rElec    .         Harm     .   d - scarf {rC+ rF+}
rCorr    .         Rampage  .   (gloves unavailable)
Will     +....                  (boots unavailable)
Stlth    +++++.....             Q - amulet of reflection
HPRegen  0.14/turn              j - +4 ring of evasion
MPRegen  0.16/turn              D - +6 ring of intelligence

@: very quick
A: very small, unfitting armour, see invisible, speed 3
a: Renounce Religion, Channel Magic


You were on level 8 of the Dungeon.
You worshipped Sif Muna.
Sif Muna was pleased with you.
You visited 1 branch of the dungeon, and saw 8 of its levels.
You also visited: Ossuary and Bailey.

You collected 542 gold pieces.

Inventory:

Hand Weapons
 a - a +4 dagger
 c - a +3 short sword of speed (weapon)
 p - a +2 antimagic dagger
 y - the +5 dagger "Nelebyopt" {freeze, *Corrode rN+ Str+4 Int-5}
   (You found it on level 4 of the Dungeon)

   It has been specially enchanted to freeze those struck by it, causing extra
   injury to most foes and up to half again as much damage against particularly
   susceptible opponents.
   It can also slow down cold-blooded creatures.
   It affects your strength (+4).
   It affects your intelligence (-5).
   It protects you from negative energy.
   It may corrode you when you take damage.
 F - a +0 dagger of protection
 H - a +0 dagger of venom
 M - a +3 short sword
 W - a +0 whip of freezing
Missiles
 k - 71 sling bullets
 l - 177 stones
 r - 17 poisoned darts
 u - 7 curare-tipped darts
 A - 2 atropa-tipped darts
 J - 6 boomerangs of dispersal
Armour
 b - a +2 robe (worn)
 d - a scarf of resistance (worn)
 e - a +0 troll leather armour {Purgy}
Jewellery
 j - a +4 ring of evasion (left hand)
 D - a +6 ring of intelligence (right hand)
 G - a ring of flight
 O - a ring of fire
 Q - an amulet of reflection (around neck)
 R - a +6 ring of strength
 S - a +4 ring of protection
Wands
 E - a wand of random effects (15)
 K - a wand of flame (14)
Scrolls
 n - 2 scrolls of enchant armour
 q - 2 scrolls of fear
 s - a scroll of random uselessness
 B - 4 scrolls of teleportation
 I - 4 scrolls of amnesia {unknown}
 N - 2 scrolls of immolation
 P - a scroll of torment {unknown}
 T - a scroll of brand weapon {unknown}
 V - a scroll of fog
Potions
 f - 8 potions of degeneration
 g - a potion of attraction
 h - 3 potions of heal wounds {unknown}
 i - 2 potions of invisibility {unknown}
 o - 3 potions of might {unknown}
 t - 3 potions of haste {unknown}
 v - 2 potions of berserk rage {unknown}
 w - 7 potions of curing {unknown}
 x - a potion of brilliance {unknown}
 z - a potion of flight {unknown}
 C - 3 potions of magic {unknown}
 L - 2 potions of mutation {unknown}


   Skills:
 * Level 3.5 Fighting
 * Level 6.7 Short Blades
 - Level 0.2 Throwing
 * Level 7.1 Dodging
 - Level 11.0 Stealth
 - Level 0.1 Shields
 * Level 6.5 Spellcasting
 * Level 6.9 Hexes
 * Level 1.0 Transmutations
 - Level 3.3 Ice Magic
 * Level 0.7 Poison Magic
 - Level 2.1 Evocations


You had 11 spell levels left.
You knew the following spells:

 Your Spells              Type           Power        Failure   Level
a - Corona                Hex            47%          1%          1
b - Ensorcelled Hibernat  Hex/Ice        68%          1%          2
c - Tukima's Dance        Hex            43%          1%          3
d - Dazzling Flash        Conj/Hex       50%          4%          3
e - Sting                 Tmut/Pois      48%          4%          1

Your spell library contained the following spells:

 Spells                   Type           Power        Failure   Level
 Slow                     Hex            43%          1%          2
 Confusing Touch          Hex            43%          1%          3
 Inner Flame              Hex/Fire       25%          4%          3
 Portal Projectile        Hex/Tloc       50%          4%          3
 Cause Fear               Hex            21%          4%          4
 Poisonous Vapours        Pois/Air       20%          9%          2
 Ignite Poison            Fire/Tmut/Pois 11%          17%         3
 Leda's Liquefaction      Hex/Erth       12%          17%         4
 Mephitic Cloud           Conj/Pois/Air  9%           19%         3
 Olgreb's Toxic Radiance  Pois           11%          45%         4


Dungeon Overview and Level Annotations

Branches:
Dungeon (8/15)             Temple (0/1) D:6            Lair (0/6) D:8
Ossuary (visited)          Bailey (visited)

Altars:
Fedhas
Kikubaaqudgha
Sif Muna
Uskayaw
Vehumet
Wu Jian
The Shining One

Shops:
D:5 [

Annotations:
D:4 Grinder
D:8 Joseph


Innate Abilities, Weirdness & Mutations

You are very small and have problems with some larger weapons.
You are too small for most types of armour.
You have supernaturally acute eyesight. (SInv)
You cover ground extremely quickly.


Message History

Press: ? - help, Q - select action, (/) - cycle Shift-Dir - straight line, f/p - bullfrog
Aim: a bullfrog (moderately wounded, poisoned, 36% to evade)
The sting hits the bullfrog.
The bullfrog looks even sicker.
The bullfrog is heavily wounded.
The bullfrog barely misses you.
Aiming: Sting (safe; 5% risk of failure)
Press: ? - help, Q - select action, (/) - cycle Shift-Dir - straight line, f/p - bullfrog
Aim: a bullfrog (heavily wounded, poisoned, 36% to evade)
The sting hits the bullfrog.
The bullfrog looks even sicker.
The bullfrog is severely wounded.
The bullfrog completely misses you.
You closely miss the bullfrog.
The bullfrog is severely wounded.
You closely miss the bullfrog.
The bullfrog is severely wounded.
The bullfrog completely misses you.
You hit the bullfrog.
The bullfrog is almost dead.
The bullfrog misses you.
You puncture the bullfrog!
You kill the bullfrog!
Sif Muna accepts your kill.
Your Transmutations skill increases to level 1!
You see here a bullfrog corpse.
Joseph shoots a sling bullet.
The sling bullet hits you!!
* * * LOW HITPOINT WARNING * * *
Unknown command.
Aiming: Tukima's Dance (safe; 1% risk of failure)
Press: ? - help, Q - select action, (/) - cycle Shift-Dir - straight line, f - Joseph
Aim: Joseph, wielding a +0 hunting sling, wearing a +0 ring mail and quivering sling bullets (not susceptible) Joseph resists with significant effort.
Joseph shoots a sling bullet.
You reflect the sling bullet off an invisible shield around you!
The sling bullet barely misses Joseph.
Aiming: Tukima's Dance (safe; 1% risk of failure)
Press: ? - help, Q - select action, (/) - cycle Shift-Dir - straight line, f/p - Joseph
Aim: Joseph, wielding a +0 hunting sling, wearing a +0 ring mail and quivering sling bullets (not susceptible) Joseph resists with significant effort.
Joseph shoots a sling bullet.
The sling bullet hits you!
You die...

#.# #.......###...#.. #.#
#.##.##.# ###.#.# #.#
#.##.##.# #.@.# #.#
#.......# ##..# #.#
#.##.#### #..# #.# #@##.#
#..# #####.## #.##.# #.r@
#......#####.##.## ##..
#.###.###.†@.#...# #.. #.#
### #†####...# #.. #.# #.#
#...# #.( #.# #.# ###.# #..
#.# ####.# #.# ###÷. #.#
#>##.######.# #.... #.#
#.......).#.#######.#.# #.#
#########)........###'#
#.######################....


You could see Joseph.

Vanquished Creatures
  An unseen horror (D:8)
  Sigmund (D:4)
  A wyvern (D:8)
  6 orc warriors
  Purgy (D:3)
  2 ice beasts (D:8)
  2 sky beasts (D:5)
  3 ogres
  2 phantoms
  3 bullfrogs (D:8)
  A scorpion (D:8)
  A water moccasin skeleton (D:5)
  4 killer bees (D:8)
  A quasit (D:7)
  3 centaur zombies
  2 hounds (D:8)
  2 gnoll shamans
  2 orc priests
  An iguana (D:4)
  2 orc wizards
  3 worker ants
  A hound zombie (D:8)
  A hound skeleton (D:4)
  4 mummies
  7 gnolls
  A worker ant zombie (D:7)
  7 adders
  3 shadow imps (D:7)
  A white imp (D:7)
  3 ufetubi
  An ooze (D:3)
  An adder zombie (D:5)
  3 adder skeletons
  A worm (D:4)
  2 dart slugs
  4 leopard geckos
  37 orcs
  2 ball pythons
  6 bats
  2 giant cockroaches
  3 gnoll zombies (Ossuary)
  7 goblins
  10 hobgoblins
  10 jackals
  3 quokkas
  4 frilled lizards
  5 goblin zombies
  2 hobgoblin zombies
  14 kobolds
  4 kobold zombies (Ossuary)
  2 leopard gecko zombies (D:6)
  An orc zombie (Ossuary)
  A quokka skeleton (D:4)
  6 rats
203 creatures vanquished.

Vanquished Creatures (collateral kills)
  Edmund (D:4)
1 creature vanquished.

Vanquished Creatures (others)
  A dancing weapon (D:7)
  A plant (D:7)
2 creatures vanquished.

Grand Total: 206 creatures vanquished

Notes
Turn   | Place    | Note
-------+----------+-------------------------------------------
     0 | D:1      | srzhan31 the Spriggan Enchanter began the quest for the
                  | Orb.
     0 | D:1      | Reached XP level 1. HP: 9/9 MP: 5/5
   612 | D:1      | Reached XP level 2. HP: 13/13 MP: 4/6
   619 | D:1      | Learned a level 2 spell: Ensorcelled Hibernation
  1618 | D:2      | Reached XP level 3. HP: 14/16 MP: 6/8
  1997 | D:2      | Found an ornate altar of the Wu Jian Council.
  2842 | D:3      | Reached skill level 5 in Stealth
  2918 | D:3      | Reached XP level 4. HP: 21/21 MP: 3/9
  3016 | D:3      | Noticed Purgy
  3534 | D:2      | You fall into a shaft and drop 1 floor!
  3852 | D:3      | Killed Purgy
  3853 | D:3      | Reached skill level 6 in Stealth
  3853 | D:3      | Reached XP level 5. HP: 9/25 MP: 5/11
  4364 | D:4      | Noticed Edmund
  4370 | D:4      | Reached skill level 1 in Fighting
  4527 | D:4      | Reached skill level 1 in Ice Magic
  4789 | D:4      | Noticed Sigmund
  4825 | D:4      | Killed Sigmund
  4826 | D:4      | Reached XP level 6. HP: 27/30 MP: 9/12
  4943 | D:4      | Reached skill level 5 in Hexes
  4999 | D:4      | Identified the +5 dagger "Nelebyopt" {freeze, *Corrode rN+
                  | Str+4 Int-5}
  5084 | D:4      | Noticed Grinder
  5187 | D:3      | Learned a level 3 spell: Tukima's Dance
  5512 | D:4      | Found a shimmering blue altar of Sif Muna.
  5524 | D:4      | Reached skill level 7 in Stealth
  5524 | D:4      | Reached XP level 7. HP: 33/33 MP: 5/14
  5827 | D:4      | Killed Edmund
  6080 | D:5      | Entered Level 5 of the Dungeon
  6164 | D:5      | Found Goqilu's Armour Shoppe.
  6976 | D:5      | Reached skill level 5 in Dodging
  6976 | D:5      | Reached skill level 8 in Stealth
  6976 | D:5      | Reached skill level 5 in Spellcasting
  6976 | D:5      | Reached XP level 8. HP: 8/39 MP: 12/16
  7284 | D:4      | Became a worshipper of Sif Muna the Loreminder
  7321 | D:5      | Learned a level 3 spell: Dazzling Flash
  7577 | D:6      | Found a sand-covered staircase.
  7582 | Ossuary  | Entered an ossuary
  8273 | D:6      | Found a staircase to the Ecumenical Temple.
  9078 | D:6      | Reached skill level 5 in Short Blades
  9362 | D:7      | Reached * piety under Sif Muna
  9447 | D:7      | Found a hide-covered altar of Uskayaw.
 10028 | D:7      | Found a glowing golden altar of the Shining One.
 10028 | D:7      | Found an ancient bone altar of Kikubaaqudgha.
 10227 | D:7      | Found a blossoming altar of Fedhas.
 10266 | D:7      | Found a flagged portal.
 10282 | Bailey   | Entered a bailey
 10325 | Bailey   | Reached skill level 9 in Stealth
 10329 | Bailey   | Reached XP level 9. HP: 36/43 MP: 0/18
 10377 | Bailey   | Reached ** piety under Sif Muna
 11130 | D:8      | Found a radiant altar of Vehumet.
 11170 | D:8      | Reached skill level 1 in Evocations
 11334 | D:8      | Reached skill level 10 in Stealth
 11407 | D:8      | Found a staircase to the Lair.
 11570 | D:8      | Found a glowing golden altar of the Shining One.
 11586 | D:8      | Noticed Joseph
 11747 | D:8      | Noticed an unseen horror
 11755 | D:8      | Killed an unseen horror
 11756 | D:8      | Reached skill level 11 in Stealth
 11987 | D:8      | Learned a level 1 spell: Sting
 12217 | D:8      | Reached skill level 1 in Transmutations
 12218 | D:8      | HP: 1/44 [Joseph/sling bullet (18)]
 12220 | D:8      | Shot with a sling bullet by Joseph

Illustrated notes

Levels and vault maps discovered:
D:1:      amcnicky_arrival_blooded_trapdoor, layout_basic
D:2:      layout_rooms, lemuel_coloured_pillars_altar, dk_noncrumbling_4,
          minivault_5
D:3:      layout_basic, uniq_purgy
D:4:      layout_cave_pools, nicolae_overflow_hidden_temple,
          kennysheep_small_square, uniq_sigmund, uniq_edmund, uniq_grinder
D:5:      kennysheep_six_static_rooms, layout_cave_pods, serial_shops, shop
D:6:      layout_layer_cave, minmay_temple_entry_statues_fountains,
          nicolae_ossuary_entry_giza
D:7:      layout_basic, general_overflow_altar, gammafunk_temple_overflow_pools,
          enter_bailey_1, serial_rivers, chequers_serial_rivers_micro_a,
          chequers_serial_rivers_micro_a, chequers_serial_rivers_small_a,
          chequers_serial_rivers_large_a, chequers_serial_rivers_small_a,
          fedhas_altar_1
D:8:      layout_loops_ring, kennysheep_little_box, lair_entry_dummy,
          basic_altar, grunt_decor_fettered, nicolae_underground_beach,
          uniq_joseph

Skill      XL: |  1  2  3  4  5  6  7  8  9 |
---------------+----------------------------+-----
Dodging        | 3 4 5 6 7 |  7.1
Hexes          | 4 5 6 |  6.9
Spellcasting   | 3 4 5 6 |  6.5
Short Blades   | 2 3 4 5 6 |  6.7
Stealth        | 5 6 7 8 9 11 | 11.0
Fighting       | 1 2 3 |  3.5
Ice Magic      | 1 2 3 |  3.3
Evocations     | 2 |  2.1
Transmutations | 1 |  1.0
Throwing       | |  0.2
Shields        | |  0.1
Poison Magic   | |  0.7

Action                   |  1- 3 |  4- 6 |  7- 9 || total
-------------------------+-------+-------+-------++-------
Melee: Dagger            |   105 |    19 |       ||   124
       Short sword       |       |    84 |   594 ||   678
Throw: Dart              |     1 |     6 |     2 ||     9
 Cast: Corona            |     9 |     5 |     7 ||    21
       Ensorcelled Hiber |    38 |    29 |    64 ||   131
       Tukima's Dance    |       |       |     8 ||     8
       Sting             |       |       |    14 ||    14
       Dazzling Flash    |       |       |     4 ||     4
Evoke: Wand              |       |       |     8 ||     8
  Use: Scroll            |       |    11 |     8 ||    19
 Stab: Sleeping          |    28 |    22 |    54 ||   104
       Distracted        |     1 |       |     1 ||     2
       Invisible         |       |       |     4 ||     4
       Fleeing           |       |       |     1 ||     1
Armor: Robe              |    13 |     8 |    23 ||    44
Dodge: Dodged            |    96 |    78 |   376 ||   550
Block: Other             |       |       |    52 ||    52
       Reflection        |       |       |    15 ||    15

Table legend: (Time is in decaauts)
 A = Elapsed time spent in this place.
 B = Non-inter-level travel time spent in this place.
 C = Inter-level travel time spent in this place.
 D = Time resting spent in this place.
 E = Time spent auto-exploring this place.
 F = Levels seen in this place.
 G = Mean time per level.
                   A        B        C        D        E       F      G
               +--------+--------+--------+--------+--------+-----+--------+
         Total |   7645 |   7635 |     10 |      0 |      0 |  10 |  764.5 |
       Dungeon |   7065 |   7055 |     10 |      0 |      0 |   8 |  883.1 |
       Ossuary |    420 |    420 |      0 |      0 |      0 |   1 |  420.0 |
        Bailey |    160 |    160 |      0 |      0 |      0 |   1 |  160.0 |
               +--------+--------+--------+--------+--------+-----+--------+

Top non-repeatable levels by time:
     D:3: 1320 daAuts
     D:2: 970 daAuts
     D:7: 931 daAuts
     D:5: 808 daAuts
     D:6: 807 daAuts
     D:1: 800 daAuts
     D:4: 735 daAuts
     D:8: 690 daAuts
 Ossuary: 420 daAuts
  Bailey: 160 daAuts
